 Dungeon Crawl Stone Soup version 0.26-b1-32-g5d43845318 (webtiles) character file.

Game seed: 5625589652563824290

1737 Aviak the Chiller (level 9, -2/59 HPs)
             Began as an Octopode Ice Elementalist on Jan 5, 2021.
             Was an Initiate of Gozag.
             Slain by an ogre
             ... wielding a +0 giant spiked club
              (26 damage)
             ... on level 6 of the Dungeon.
             The game lasted 00:14:43 (8591 turns).

Aviak the Chiller (Octopode Ice Elementalist)       Turns: 8591, Time: 00:14:44

Health: -2/59      AC:  9    Str:  7    XL:     9   Next: 5%
Magic:  11/17      EV: 15    Int: 21    God:    Gozag
Gold:   292        SH:  5    Dex: 12    Spells: 7/18 levels left

rFire    . . .     SeeInvis .   q - +3 dagger
rCold    + . .     Faith    .   (no shield)
rNeg     . . .     Spirit   .   (helmet restricted)
rPois    .         Reflect  +   t - amulet of reflection
rElec    .         Harm     .   (no ring)
rCorr    .         Rampage  .   (no ring)
Will     .....                  (no ring)
Stlth    +++.......             (no ring)
HPRegen  0.19/turn              (no ring)
MPRegen  0.15/turn              (no ring)
                                (no ring)
                                (no ring)

@: icy armour, frozen ramparts
A: almost no armour, stealthy swim, amphibious, 8 rings, constrict 8, camouflage
1, cold resistance 1, wild magic 1, gelatinous body 1
a: Renounce Religion, Potion Petition, Call Merchant, Bribe Branch


You were on level 6 of the Dungeon.
You worshipped Gozag.
Gozag was aware of your devotion.
You visited 2 branches of the dungeon, and saw 7 of its levels.

You collected 493 gold pieces.
You spent 88 gold pieces at shops.
You paid 113 gold pieces to Gozag.

Inventory:

Hand Weapons
 k - a +1 short sword
 q - a +3 dagger (weapon)
Jewellery
 g - an uncursed amulet of faith {!P}
 t - an amulet of reflection (around mantle)
 w - an uncursed amulet of guardian spirit {unknown}
Wands
 s - a wand of polymorph (1)
Scrolls
 b - a scroll of random uselessness {unknown}
 c - a scroll of fear {unknown}
 i - 3 scrolls of identify
 j - 4 scrolls of immolation
 o - a scroll of enchant weapon
 r - 3 scrolls of remove curse
 x - a scroll of enchant armour {unknown}
 y - 4 scrolls of amnesia {unknown}
 z - a scroll of teleportation {unknown}
Potions
 a - a potion of resistance
 d - a potion of brilliance {unknown}
 e - a potion of ambrosia {unknown}
 f - a potion of lignification {unknown}
 h - 2 potions of heal wounds
 l - 2 potions of attraction {unknown}
 m - a potion of might
 p - 3 potions of magic {unknown}
 u - a potion of experience {unknown}
 v - a potion of cancellation {unknown}
 A - a potion of mutation {!q}


   Skills:
 + Level 4.5 Fighting
 + Level 5.0 Dodging
 - Level 2.6 Stealth
 - Level 5.4 Spellcasting
 - Level 4.0 Conjurations
 - Level 7.0 Ice Magic


You had 7 spell levels left.
You knew the following spells:

 Your Spells              Type           Power        Failure   Level
a - Freeze                Ice            100%         1%          1
b - Frozen Ramparts       Ice            90%          3%          3
c - Ozocubu's Armour      Ice            45%          3%          3
d - Hailstorm             Conj/Ice       37%          16%         4

Your spell library contained the following spells:

 Spells                   Type           Power        Failure   Level
 Summon Ice Beast         Ice/Summ       26%          32%         4


Dungeon Overview and Level Annotations

Branches:
Dungeon (6/15)             Temple (1/1) D:5

Altars:
Ashenzari
Elyvilon
Gozag
Hepliaklqana
Kikubaaqudgha
Makhleb
Nemelex Xobeh
Okawaru
Qazlal
Ru
Sif Muna
Xom
Yredelemnul
Zin

Shops:
D:4 *

Annotations:
D:5 2 transporters


Innate Abilities, Weirdness & Mutations

You cannot wear most types of armour.
You are very stealthy in the water. (Stealth+)
You are amphibious.
You can wear up to eight rings at the same time.
You can use your tentacles to constrict eight enemies at once.
Your skin changes colour to match your surroundings (Stealth+).
Your rubbery body absorbs attacks. (AC +1, EV +1)
Your flesh is cold resistant. (rC+)
Your spells are a little harder to cast, but a little more powerful.


Message History

The ogre is heavily wounded.
An ogre is nearby!
Casting: Freeze (safe; 1% risk of failure)
Confirm with . or Enter, or press ? or * to list all spells.
A film of ice covers your body!
The ogre hits you with a +0 giant spiked club!!
You hit the ogre. You squeeze the ogre, but do no damage.
The ogre is severely wounded.
The ogre hits you with a +0 giant spiked club!
Casting: Ozocubu's Armour (dangerous; 3% risk of failure)
Confirm with . or Enter, or press ? or * to list all spells.
Casting: Frozen Ramparts (dangerous; 3% risk of failure)
Press: ? - help, Dir - look around, f - activate The walls around you are covered in ice.
You barely miss the ogre.
The ogre is heavily wounded.
The wall freezes the ogre!
The ogre hits you with a +0 giant spiked club!!
You die...
Your body crumbles into a pile of gold.

.#...###..#.#.......#######......
.#........#.#..# ...# #.........
............. .# ...# #.##......
.............. ...#### #......
...##.#..##. ....... #......
......#..##.###+#....... #.##.##
....#.#..##............. #.##.#
..#.#.#..##............. #.##'##
....#.#..##.....@...# #......
......).....###.#O..# #..<...
###.#.#..#### #.#...# #......
#.#.#..# #.###### #......
#.#.#^.# #.#....######.##.##
#.#.#.)# #.#.##.#.......#.#
###.#....# #.#.##.#.........#
....#.##.# #.#.##.#.......####
####.....######......'...........


You could see an ogre.

Vanquished Creatures
  Grinder (D:4)
  Eustachio (D:4)
  An orc warrior (D:6)
  An ice beast (D:5)
  3 centaurs
  A bullfrog (D:6)
  A bullfrog zombie (D:5)
  2 orc priests
  A hound (D:2)
  A jelly (D:6)
  2 bullfrog skeletons
  Jessica (D:2)
  Ijyb (D:4)
  Natasha (thrice) (D:3)
  3 orc wizards
  5 worker ants
  A hound zombie (D:6)
  Robin (D:4)
  3 gnolls (D:5)
  17 adders
  5 white imps
  2 ufetubi
  3 worms
  A dart slug (D:4)
  4 leopard geckos
  22 orcs
  4 ball pythons
  4 giant cockroaches
  18 goblins
  10 hobgoblins
  9 jackals
  11 kobolds
  3 quokkas
  8 bats
  5 frilled lizards
  2 jackal skeletons (D:6)
  A jackal zombie (D:5)
  15 rats
177 creatures vanquished.

Notes
Turn   | Place    | Note
-------+----------+-------------------------------------------
     0 | D:1      | Aviak the Octopode Ice Elementalist began the quest for the
                  | Orb.
     0 | D:1      | Reached XP level 1. HP: 11/11 MP: 3/3
   254 | D:1      | Reached XP level 2. HP: 7/17 MP: 3/5
  1825 | D:2      | Reached XP level 3. HP: 21/21 MP: 6/6
  1861 | D:2      | Learned a level 3 spell: Frozen Ramparts
  2519 | D:2      | Reached XP level 4. HP: 26/27 MP: 4/8
  2523 | D:2      | Learned a level 3 spell: Ozocubu's Armour
  2768 | D:2      | Reached skill level 5 in Ice Magic
  2886 | D:2      | Noticed Jessica
  2894 | D:2      | Killed Jessica
  2895 | D:2      | Reached XP level 5. HP: 30/31 MP: 6/10
  3672 | D:3      | Reached XP level 6. HP: 20/36 MP: 8/12
  3677 | D:3      | Learned a level 4 spell: Hailstorm
  4257 | D:3      | Found an iron altar of Okawaru.
  4382 | D:3      | Noticed Natasha
  4390 | D:3      | Killed Natasha
  4391 | D:3      | Reached skill level 6 in Ice Magic
  4554 | D:3      | Noticed Natasha
  4589 | D:3      | Killed Natasha
  4646 | D:3      | Noticed Natasha
  4654 | D:3      | Killed Natasha
  4951 | D:4      | Noticed Ijyb
  4954 | D:4      | Noticed Grinder
  4958 | D:4      | Gained mutation: Your spells are a little harder to cast,
                  | but a little more powerful. [potion of mutation]
  4958 | D:4      | Gained mutation: Your flesh is cold resistant. (rC+)
                  | [potion of mutation]
  5062 | D:4      | Killed Ijyb
  5063 | D:4      | Reached XP level 7. HP: 31/41 MP: 10/14
  5346 | D:4      | Killed Grinder
  5347 | D:4      | Reached skill level 5 in Spellcasting
  5465 | D:4      | Found a basalt altar of Yredelemnul.
  5482 | D:4      | Noticed Robin
  5497 | D:4      | Killed Robin
  5615 | D:4      | Reached skill level 7 in Ice Magic
  5635 | D:4      | Reached skill level 1 in Fighting
  5801 | D:4      | Found a stormy altar of Qazlal.
  5821 | D:4      | Reached skill level 1 in Conjurations
  5823 | D:4      | Noticed Eustachio
  5839 | D:4      | Killed Eustachio
  5840 | D:4      | Reached XP level 8. HP: 44/50 MP: 12/16
  5989 | D:4      | Found a sacrificial altar of Ru.
  5993 | D:4      | Found a white marble altar of Elyvilon.
  6128 | D:4      | Found Vecrut's General Store.
  6131 | D:4      | Bought a potion of heal wounds for 55 gold pieces
  6131 | D:4      | Bought a scroll of identify for 22 gold pieces
  6131 | D:4      | Bought a scroll of noise for 11 gold pieces
  6168 | D:5      | Entered Level 5 of the Dungeon
  6392 | D:5      | Found Daucvih's Magic Scroll Shoppe.
  6540 | D:5      | Found a transporter.
  7366 | D:5      | Found a staircase to the Ecumenical Temple.
  7427 | Temple   | Entered the Ecumenical Temple
  7445 | Temple   | Became a worshipper of Gozag Ym Sagoz the Greedy
  7517 | D:5      | Found a hazy altar of Hepliaklqana.
  7550 | D:5      | Found a burning altar of Makhleb.
  7630 | D:5      | Found a transporter.
  8129 | D:6      | Reached XP level 9. HP: 39/59 MP: 11/17
  8324 | D:6      | Reached skill level 5 in Dodging
  8591 | D:6      | Slain by an ogre

Illustrated notes

Levels and vault maps discovered:
D:1:      roderic_chinese_lattice_arrival, layout_rooms
D:2:      minmay_skewed_foursquare, layout_loops_ring, uniq_jessica
D:3:      minmay_bubble_buster, layout_loops_ring, old_standard_altar,
          uniq_natasha
D:4:      layout_cave_pools, nicolae_qazlal_eye_of_the_storm,
          lemuel_round_altar, grunt_temple_overflow_open, serial_shops,
          kennysheep_mini_moat, uniq_ijyb, uniq_grinder, uniq_eustachio,
          uniq_robin
D:5:      gammafunk_cloud_chamber, layout_loops_ring,
          nzn_hepliaklqana_mist_gate, overflow_temple_1_default,
          minmay_temple_entry_slanted, serial_shops, shop,
          amcnicky_mini_corridor_feature
D:6:      layout_basic
Temple:   dshaligram_water_room_temple

Skill      XL: |  1  2  3  4  5  6  7  8  9 |
---------------+----------------------------+-----
Spellcasting   | 3 4 5 |  5.4
Ice Magic      | 5 6 7 |  7.0
Fighting       | 1 4 |  4.5
Conjurations   | 1 4 |  4.0
Dodging        | 4 5 |  5.0
Stealth        | |  2.6

Action                   |  1- 3 |  4- 6 |  7- 9 || total
-------------------------+-------+-------+-------++-------
Melee: Unarmed           |    40 |    15 |       ||    55
       Tentacles         |    14 |    17 |    30 ||    61
       Constrict         |    17 |    31 |    35 ||    83
       Short sword       |    12 |    76 |       ||    88
       Dagger            |       |    28 |   168 ||   196
 Cast: Freeze            |    18 |       |     8 ||    26
       Frozen Ramparts   |     5 |    14 |    13 ||    32
       Ozocubu's Armour  |       |       |     9 ||     9
       Hailstorm         |       |       |     1 ||     1
  Use: Scroll            |       |     2 |     3 ||     5
       Potion            |       |     1 |     5 ||     6
 Stab: Sleeping          |     7 |    14 |     4 ||    25
       Distracted        |     1 |       |       ||     1
Armor: Skin              |     6 |    12 |    27 ||    45
Dodge: Dodged            |    31 |    94 |    91 ||   216
Block: Other             |       |       |    35 ||    35
       Reflection        |       |       |     5 ||     5
